 Dungeon Crawl Stone Soup version 0.23.1 (webtiles) character file.

Game seed: 1337579295623709882

56 Borgoz the Sneak (level 3, 0/26 (27) HPs)
             Began as a Ghoul Enchanter on Mar 14, 2019.
             Slain by a jackal (2 damage)
             ... on level 3 of the Dungeon.
             The game lasted 00:03:04 (1607 turns).

Borgoz the Sneak (Ghoul Enchanter)                  Turns: 1607, Time: 00:03:04

HP:   0/26 (27)     AC:  3    Str: 14 (16) XL:     3   Next: 97%
MP:   4/4           EV: 12    Int: 13 (15) God:
Gold: 114           SH:  0    Dex: 10      Spells: 2/5 levels left

rFire    . . .     SeeInvis .   m - +0 short sword
rCold    + . .     Gourm    .   (no shield)
rNeg     + + +     Faith    .   b - +0 robe
rPois    ∞         Spirit   .   (no helmet)
rElec    .         Reflect  .   (no cloak)
rCorr    .         Harm     .   (no gloves)
MR       .....                  e - +0 pair of boots
Stlth    ++........             (no amulet)
HPRegen  0.00/turn              f - +5 ring of strength
MPRegen  0.09/turn              (no ring)

@: brilliant, rotting
A: rotting body, claws 1, carnivore, cold resistance 1, negative energy
resistance 3, inhibited regeneration, torment resistance, unbreathing
a: no special abilities


You were on level 3 of the Dungeon.
You were not hungry.

You visited 1 branch of the dungeon, and saw 3 of its levels.

You collected 114 gold pieces.

Inventory:

Hand Weapons
 a - a +1 dagger
 m - a +0 short sword (weapon)
Missiles
 j - 11 poisoned needles
Armour
 b - a +0 robe (worn)
 e - a +0 pair of boots (worn)
 k - a +0 ring mail
Jewellery
 f - a +5 ring of strength (left claw)
Scrolls
 i - a scroll of identify
Potions
 l - 3 potions of brilliance
Comestibles
 d - 3 rations
 g - 5 chunks of flesh


   Skills:
 + Level 0.7 Fighting
 + Level 1.8 Short Blades
 + Level 2.3 Dodging
 + Level 3.6 Stealth
 + Level 1.9 Spellcasting
 + Level 2.8 Hexes


You had 2 spell levels left.
You knew the following spells:

 Your Spells              Type           Power        Failure   Level  Hunger
a - Corona                Hex            ###....      1%          1    ##.....
b - Ensorcelled Hibernat  Hex/Ice        ##....       2%          2    ###....

Your spell library contained the following spells:

 Spells                   Type           Power        Failure   Level  Hunger
 Confuse                  Hex            ###.....     3%          3    ####...
 Tukima's Dance           Hex            ###.....     3%          3    ####...
 Dazzling Spray           Conj/Hex       ##....       5%          3    ####...


Dungeon Overview and Level Annotations

Branches:
Dungeon (3/15)

Altars:


Innate Abilities, Weirdness & Mutations

Your body is rotting away.
You thrive on raw meat.
You are immune to poison.
You have sharp fingernails.
You are carnivorous and can eat meat at any time.
Your flesh is cold resistant. (rC+)
You are immune to negative energy. (rN+++)
You do not regenerate when monsters are visible.
You are immune to unholy pain and torment.
You can survive without breathing.


Message History

The jackal bites you.
* * * LOW HITPOINT WARNING * * *
The jackal bites you.
* * * LOW HITPOINT WARNING * * *
The jackal bites you.
* * * LOW HITPOINT WARNING * * *
The jackal bites you but does no damage.
Okay, then.
You hit the jackal.
You kill the jackal!
The jackal bites you but does no damage.
The jackal barely misses you. The jackal misses you.
The jackal bites you but does no damage.
You see here a jackal corpse.
You hit the jackal.
The jackal is heavily wounded.
The jackal closely misses you.
The jackal bites you but does no damage.
The jackal bites you.
You die...

#.# #....
##.## #....
#...# #....
#...# #....
#...# #.#.#
#...# #.#.#
#...# #.#.#
#...# #.#.#
#@h.# #####
#....
##h###.....#
#...#
#K.........
#...#
#.......#..
#..>.
##.####.#
#...# #.# #
....# #.#
###..# #..
....# ###
#....


You could see 2 jackals and a kobold.

Vanquished Creatures
  2 adders
  An ooze (D:1)
  A dart slug (D:2)
  A leopard gecko (D:1)
  An orc (D:3)
  2 giant cockroaches
  2 goblins
  A hobgoblin (D:1)
  3 jackals
  6 bats
  2 frilled lizards
  3 kobolds (D:1)
  8 rats
33 creatures vanquished.

Notes
Turn   | Place    | Note
-------+----------+-------------------------------------------
     0 | D:1      | Borgoz the Ghoul Enchanter began the quest for the Orb.
     0 | D:1      | Reached XP level 1. HP: 14/14 MP: 2/2
   211 | D:1      | Reached skill level 1 in Short Blades
   390 | D:1      | Reached XP level 2. HP: 20/20 MP: 3/3
   937 | D:1      | Reached XP level 3. HP: 18/27 MP: 4/4
  1073 | D:1      | Learned a level 2 spell: Ensorcelled Hibernation
  1607 | D:3      | Slain by a jackal

Skill      XL: |  1  2 |
---------------+-------+-----
Short Blades   | 1 |  1.8
Dodging        | 2 |  2.3
Fighting       | |  0.7
Stealth        | |  3.6
Spellcasting   | |  1.9
Hexes          | |  2.8

Action                   || total
-------------------------++-------
Melee: Dagger            ||   133
       Short sword       ||     7
 Cast: Corona            ||     5
  Use: Scroll            ||     2
       Potion            ||     3
 Stab: Sleeping          ||     9
  Eat: Chunk             ||     5
Armor: Robe              ||    42
Dodge: Dodged            ||   136
